 Dungeon Crawl Stone Soup version 0.30.1 (webtiles) character file.

Game seed: 2221326304114787489

31932 hawla the Eclecticist (level 14, -3/111 HPs)
             Began as a Meteoran Fire Elementalist on June 28, 2023.
             Was a High Priest of Jiyva.
             Slain by a snapping turtle (19 damage)
             ... on level 4 of the Shoals on July 1, 2023.
             The game lasted 00:43:50 (4694 turns).

hawla the Eclecticist (Meteoran Fire Elementalist)  Turns: 4694, Time: 00:43:51

Health: -3/111     AC: 12    Str: 11    XL:     14   Next: 31%
Magic:  6/34       EV: 18    Int: 20    God:    Jiyva [*****.]
Gold:   432        SH:  0    Dex: 22    Spells: 30/44 levels left

rFire   . . .        k - +6 dire flail (freeze)
rCold   + . .        (shield currently unavailable)
rNeg    . . .        n - +0 steam dragon scales
rPois   .            (no helmet)
rElec   .            d - +2 cloak
rCorr   +            c - +1 pair of gloves
SInv    .            (no boots)
Will    +....        (no amulet)
Stlth   ++           j - ring of willpower
HPRegen 1.82/turn    m - ring of protection from cold
MPRegen 0.69/turn

%: no passive effects
@: weak-willed, glowing
A: sense surroundings 2, otherworldly, glowing, explore regen, iridescent scales
1, thin skeletal structure 3, MP-powered wands
a: Renounce Religion, Oozemancy, Slimify


You were on level 4 of the Shoals.
You worshipped Jiyva.
Jiyva was extremely pleased with you.
You visited 3 branches of the dungeon, and saw 13 of its levels.
You also visited: Sewer.

You collected 432 gold pieces.

Inventory:

Hand Weapons
 a - a +1 flail of holy wrath
 k - a +6 dire flail of freezing (weapon)
Armour
 c - a +1 pair of gloves (worn)
 d - a +2 cloak (worn)
 n - +0 steam dragon scales (worn)
 q - a +2 robe of fire resistance
Jewellery
 f - a ring of wizardry
 j - a ring of willpower (left hand)
 m - a ring of protection from cold (right hand)
Scrolls
 e - a scroll of poison
 i - a scroll of identify
Potions
 b - 3 potions of mutation
 g - 3 potions of curing
 h - a potion of might
 o - 2 potions of magic
 r - a potion of resistance {unknown}
 s - a potion of haste {unknown}


   Skills:
 + Level 6.6 Fighting
 + Level 2.5 Maces & Flails
 + Level 8.4 Dodging
 + Level 1.5 Stealth
 + Level 15.6 Spellcasting
 + Level 11.7 Conjurations
 + Level 0.7 Translocations
 + Level 14.5 Fire Magic
 + Level 5.9 Ice Magic
 + Level 6.0 Air Magic


You had 30 spell levels left.
You knew the following spells:

 Your Spells              Type           Power      Damage    Failure   Level
a - Foxfire               Conj/Fire      100%       2x1d9     1%          1
b - Scorch                Fire           100%       2d9       0%          2
c - Flame Wave            Conj/Fire      62%        2d14      1%          4
d - Freezing Cloud        Conj/Ice/Air   23%        6-21      4%          5
e - Blink                 Tloc           36%        N/A       4%          2

Your spell library contained the following spells:

 Spells                   Type           Power      Damage    Failure   Level
 Momentum Strike          Conj/Tloc      80%        3d10      1%          2
 Poisonous Vapours        Pois/Air       54%        N/A       1%          2
 Inner Flame              Hex/Fire       44%        N/A       1%          3
 Mephitic Cloud           Conj/Pois/Air  39%        N/A       1%          3
 Volatile Blastmotes      Fire/Tloc      92%        2d17      1%          3
 Beastly Appendage        Tmut           30%        N/A       4%          1
 Lesser Beckoning         Tloc           36%        N/A       4%          2
 Wereblood                Tmut           15%        N/A       6%          2
 Spider Form              Tmut/Pois      15%        N/A       12%         3
 Tukima's Dance           Hex            15%        N/A       12%         3
 Passage of Golubria      Tloc           18%        N/A       28%         4
 Yara's Violent Unravell  Hex/Tmut       7%         3d5       73%         5


Dungeon Overview and Level Annotations

Branches:
Dungeon (8/15) Zot: 1598     Lair (2/5) D:8 Zot: 253  Shoals (4/4) Lair:2 Zot: 1425
 Spider (0/4) Lair:2        Sewer (visited)
 Temple: D:4-7

Altars:
Elyvilon
Gozag
Kikubaaqudgha
Qazlal
Uskayaw
Wu Jian
Yredelemnul
The Shining One

Shops:
Shoals:4 :

Annotations:
D:4 girricane's ghost, amateur FoFi


Innate Abilities, Weirdness & Mutations

You passively map the area around you.
You are easily found by Zot.
You glow in the dark.
You regain HP and MP as you explore.
You are partially covered in iridescent scales. (AC +2)
You have an unnaturally thin skeletal structure. (Dex +6, Stealth+++)
You expend magic power (3 MP) to strengthen your wands.


Message History

The satyr is engulfed in freezing vapours.
The satyr shoots an arrow.
The arrow barely misses you.
The faun is engulfed in freezing vapours.
The faun unwields a +0 club.
The faun wields a +0 sling.
The faun shoots a sling bullet.
The sling bullet hits you.
You feel better.
The faun no longer looks unusually strong.
The faun shoots a sling bullet.
The sling bullet closely misses you.
The merfolk javelineer is engulfed in freezing vapours.
The satyr is engulfed in freezing vapours.
The satyr shoots an arrow.
The arrow hits you!!
You shudder from the blast and a jelly pops out!
The snapping turtle is engulfed in freezing vapours.
The snapping turtle seems to slow down.
You kill the snapping turtle!
The alligator snapping turtle is engulfed in freezing vapours.
The alligator snapping turtle bites you from afar!
Your Air Magic skill increases to level 6!
Casting: Freezing Cloud (dangerous; 4% risk of failure)
Confirm with . or Enter, or press ? or * to list all spells.
Aiming: Freezing Cloud (dangerous; 4% risk of failure)
Press: ? - help, Dir - move target The plant is engulfed in freezing vapours.
The plant begins to die.
The plant is engulfed in freezing vapours.
The plant begins to die.
The faun is engulfed in freezing vapours.
The faun shoots a sling bullet.
The sling bullet misses you.
The faun shoots a sling bullet.
The sling bullet hits you.
The faun shoots a sling bullet.
The sling bullet misses you.
The merfolk javelineer is engulfed in freezing vapours.
The merfolk javelineer throws a javelin.
The javelin pierces through you!!
* * * LOW HITPOINT WARNING * * *
The satyr is engulfed in freezing vapours.
You are no longer terrified.
You kill the satyr!
The snapping turtle is engulfed in freezing vapours.
The snapping turtle bites you from afar!!
You die...

*,,,,,,~*~~##........P/.,,,,,*,*,
,,,*,,*,,~*#......c.§P§~~,,,,***,
,,,,*,,,,#*.....)☼§§§P*~,,[,,,*,,
,,,,,,***#.......§§§§###~~.,,,,,,
,,,,,,,,,...##...☼§§§#P#...,,,,,,
,,,,,,,,........§.<§§§§§.~c,,,,,,
,~,,,,,............§§.§°..~,,,,,,
~~,,,,............§§§§§§.#P*,,,,,
~~,,,,..........@..J§§c☼...,,,,,,
~~,,,,...............§§§...,,,,,,
,~,,,,.......§§t§t..§§....P,,,~,,
~,,,,,.....)..§○§..........,,~,*,
,,,,,,........§§○..........,,,,,,
,,,,,,..~.....⌠§m.⌠........,*,,,,
,,,,,,........§§§....c.....,*,,,,
,,,#.......~~.⌠...⌠........,**,,,
,,P#.PP.##.~~.~~~........m,,,,,,,


You could see an alligator snapping turtle (slow), a merfolk javelineer, a
snapping turtle (slow), 3 fauns and a friendly rockslime (summoned).

Vanquished Creatures
  2 merfolk javelineers (Shoals:4)
  A merfolk avatar (Shoals:3)
  3 merfolk aquamancers
  A two-headed ogre (D:8)
  2 satyrs
  A death yak (Lair:1)
  3 skysharks
  The ghost of turdburglar the Ruffian, a novice TrFi (D:6)
  4 harpies (Shoals:3)
  3 manticores
  5 fauns
  2 merfolk sirens (Shoals:1)
  A cyclops (Shoals:3)
  2 black mambas
  A cane toad (Lair:1)
  5 water nymphs
  2 komodo dragons
  A polar bear (Lair:2)
  A hornet (D:7)
  3 blink frogs (Lair:2)
  14 merfolk
  5 snapping turtles
  8 dream sheep
  3 jumping spiders (Lair:2)
  6 water elementals
  2 basilisks (Lair:1)
  6 yaks
  A steam dragon (D:7)
  Menkaure (D:7)
  6 water moccasins
  An acid dragon (D:8)
  4 black bears
  3 orc warriors
  A sky beast (D:7)
  2 centaurs
  A phantom (D:4)
  2 kobold brigands (D:8)
  8 bullfrogs
  2 scorpions
  9 wights
  3 jellies
  6 orc priests
  3 hounds
  4 sleepcaps
  An iguana (D:7)
  6 gnolls (D:6)
  4 adders
  4 river rats
  A shadow imp (D:6)
  2 white imps (D:7)
  An ufetubus (D:4)
  5 worms
  A dart slug (D:3)
  15 orcs
  13 endoplasms (Sewer)
  2 giant cockroaches (Sewer)
  5 goblins
  5 hobgoblins
  4 jackals (D:1)
  2 quokkas (D:3)
  12 ball pythons
  9 kobolds
  6 rats
243 creatures vanquished.

Vanquished Creatures (collateral kills)
  A centaur warrior (Shoals:1)
  An alligator snapping turtle (Shoals:1)
  A manticore (Shoals:3)
  A cyclops (Shoals:2)
  A water nymph (Shoals:3)
  A merfolk (Shoals:3)
  A snapping turtle (Shoals:3)
  12 foxfires
19 creatures vanquished.

Vanquished Creatures (others)
  A jumping spider (Lair:2)
  A black bear (D:8)
  A bullfrog (D:8)
  24 jellies
  An endoplasm (D:4)
  An orc (D:4)
  A kobold (D:8)
  3 goblins (D:8)
  470 foxfires
503 creatures vanquished.

Grand Total: 765 creatures vanquished

Notes
Turn   | Place    | Note
-------+----------+-------------------------------------------
     0 | D:1      | hawla the Meteoran Fire Elementalist began the quest for
                  | the Orb.
     0 | D:1      | Reached XP level 1. HP: 14/14 MP: 5/5
    65 | D:1      | Reached XP level 2. HP: 2/20 MP: 3/6
   188 | D:2      | Reached XP level 3. HP: 26/26 MP: 2/8
   191 | D:2      | Learned a level 2 spell: Scorch
   208 | D:3      | Reached skill level 3 in Spellcasting
   208 | D:3      | Reached XP level 4. HP: 33/33 MP: 3/9
   220 | D:3      | Learned a level 4 spell: Flame Wave
   253 | D:3      | Reached XP level 5. HP: 22/38 MP: 3/10
   375 | D:3      | Found a glowing drain.
   388 | Sewer    | Entered a sewer
   521 | Sewer    | Reached XP level 6. HP: 45/45 MP: 0/12
   525 | Sewer    | Reached skill level 5 in Conjurations
   525 | Sewer    | Reached skill level 5 in Fire Magic
   602 | Sewer    | Found a viscous altar of Jiyva.
   615 | Sewer    | Became a worshipper of Jiyva Jakacloo the Shapeless
   779 | D:4      | Noticed a black bear
   786 | D:4      | Killed a black bear
   787 | D:4      | Reached skill level 4 in Spellcasting
   787 | D:4      | Reached XP level 7. HP: 50/50 MP: 3/14
   794 | D:4      | Noticed a water moccasin
   799 | D:4      | Killed a water moccasin
   925 | D:4      | Reached skill level 5 in Spellcasting
   926 | D:4      | Found a runed translucent door.
   927 | D:4      | Noticed girricane's ghost (amateur FoFi)
   938 | D:4      | Reached skill level 8 in Spellcasting
   938 | D:4      | Reached XP level 8. HP: 47/70 MP: 1/21
  1093 | D:3      | Gained mutation: You passively map the area around you.
                  | [Meteoran growth]
  1093 | D:3      | Reached XP level 9. HP: 75/75 MP: 20/22
  1104 | D:3      | You fall into a shaft and drop 3 floors!
  1104 | D:6      | Found a white marble altar of Elyvilon.
  1117 | D:6      | Reached * piety under Jiyva
  1122 | D:6      | Found a basalt altar of Yredelemnul.
  1161 | D:7      | Noticed Menkaure
  1169 | D:7      | Killed Menkaure
  1221 | D:8      | Noticed a two-headed ogre
  1227 | D:8      | Killed a two-headed ogre
  1228 | D:8      | Reached skill level 9 in Spellcasting
  1228 | D:8      | Reached skill level 10 in Fire Magic
  1273 | D:8      | Reached XP level 10. HP: 83/83 MP: 18/24
  1324 | D:8      | Found a staircase to the Lair.
  1332 | D:8      | Reached skill level 10 in Spellcasting
  1354 | Lair:1   | Entered Level 1 of the Lair of Beasts
  1354 | Lair:1   | Reached ** piety under Jiyva
  1387 | Lair:1   | Noticed a cane toad
  1396 | Lair:1   | Killed a cane toad
  1430 | Lair:1   | Noticed a black mamba
  1434 | Lair:1   | Killed a black mamba
  1435 | Lair:1   | Noticed a death yak
  1457 | Lair:1   | Reached XP level 11. HP: 49/89 MP: 11/26
  1465 | Lair:1   | HP: 1/89 [death yak (26)]
  1480 | Lair:1   | Killed a death yak
  1481 | Lair:1   | Reached skill level 11 in Spellcasting
  1553 | Lair:2   | Noticed a black mamba
  1557 | Lair:2   | Killed a black mamba
  1568 | Lair:2   | Identified the +5 great sword "Yrghoz" {freeze, rC++ Int-2}
  1641 | Lair:2   | Noticed a skyshark
  1650 | Lair:2   | Killed a skyshark
  1651 | Lair:2   | Reached skill level 10 in Conjurations
  1651 | Lair:2   | Found a staircase to the Shoals.
  1742 | Lair:2   | Reached *** piety under Jiyva
  1841 | Lair:2   | Reached skill level 12 in Spellcasting
  1875 | Lair:2   | Found a hole to the Spider Nest.
  2345 | D:8      | Gained mutation: You expend magic power (3 MP) to
                  | strengthen your wands. [Jiyva's grace]
  2345 | D:8      | Gained mutation: Your flesh is heat resistant. (rF+)
                  | [Jiyva's grace]
  2345 | D:8      | Gained mutation: Your flesh is very heat resistant. (rF++)
                  | [Jiyva's grace]
  2345 | D:8      | Gained mutation: Your flesh is almost immune to the effects
                  | of heat. (rF+++) [Jiyva's grace]
  2409 | D:8      | Found an ancient bone altar of Kikubaaqudgha.
  2502 | D:6      | Learned a level 5 spell: Freezing Cloud
  2516 | D:6      | Found a runed translucent door.
  2528 | D:6      | Noticed turdburglar's ghost (novice TrFi)
  2537 | D:6      | Killed turdburglar's ghost
  2538 | D:6      | Reached skill level 1 in Ice Magic
  2572 | D:6      | Reached XP level 12. HP: 97/97 MP: 20/29
  2700 | D:7      | Reached **** piety under Jiyva
  2776 | D:7      | Found a glowing golden altar of the Shining One.
  2852 | D:7      | Found a hide-covered altar of Uskayaw.
  3135 | D:8      | Found an ornate altar of the Wu Jian Council.
  3212 | D:8      | Upgraded the game from 0.30.0-30-g96aa6591b8 to 0.30.1
  3438 | D:8      | Reached ***** piety under Jiyva
  3516 | D:8      | Found an opulent altar of Gozag.
  3564 | D:8      | Found a stormy altar of Qazlal.
  3795 | Shoals:1 | Entered Level 1 of the Shoals
  3810 | Shoals:1 | Noticed an alligator snapping turtle
  3834 | Shoals:1 | Killed an alligator snapping turtle
  3842 | Shoals:1 | Lost mutation: Your flesh is almost immune to the effects
                  | of heat. (rF+++) [Jiyva's grace]
  3842 | Shoals:1 | Lost mutation: Your flesh is very heat resistant. (rF++)
                  | [Jiyva's grace]
  3842 | Shoals:1 | Lost mutation: Your flesh is heat resistant. (rF+) [Jiyva's
                  | grace]
  3842 | Shoals:1 | Gained mutation: You have a somewhat thin skeletal
                  | structure. (Dex +2, Stealth+) [Jiyva's grace]
  3842 | Shoals:1 | Gained mutation: You have a moderately thin skeletal
                  | structure. (Dex +4, Stealth++) [Jiyva's grace]
  3842 | Shoals:1 | Gained mutation: You have an unnaturally thin skeletal
                  | structure. (Dex +6, Stealth+++) [Jiyva's grace]
  3842 | Shoals:1 | Gained mutation: You are partially covered in iridescent
                  | scales. (AC +2) [Jiyva's grace]
  3855 | Shoals:1 | Reached skill level 1 in Maces & Flails
  3880 | Shoals:1 | Noticed a skyshark
  3888 | Shoals:1 | Killed a skyshark
  3889 | Shoals:1 | Noticed a centaur warrior
  3897 | Shoals:1 | Killed a centaur warrior
  3898 | Shoals:1 | Reached skill level 13 in Spellcasting
  3939 | Shoals:1 | Learned a level 2 spell: Blink
  4153 | Shoals:3 | Noticed a satyr
  4159 | Shoals:3 | Reached XP level 13. HP: 59/103 MP: 17/31
  4160 | Shoals:3 | Killed a satyr
  4236 | Shoals:3 | Reached skill level 5 in Ice Magic
  4270 | Shoals:3 | Noticed a merfolk avatar
  4278 | Shoals:3 | Killed a merfolk avatar
  4279 | Shoals:3 | Reached skill level 14 in Spellcasting
  4308 | Shoals:3 | Reached skill level 5 in Air Magic
  4585 | Shoals:3 | Noticed a merfolk aquamancer
  4586 | Shoals:3 | Reached XP level 14. HP: 103/111 MP: 26/33
  4589 | Shoals:3 | Reached skill level 15 in Spellcasting
  4646 | Shoals:4 | Entered Level 4 of the Shoals
  4656 | Shoals:4 | Noticed a merfolk javelineer
  4656 | Shoals:4 | Noticed a merfolk javelineer
  4662 | Shoals:4 | Found Hodd's Vocational Training.
  4670 | Shoals:4 | Killed a merfolk javelineer
  4672 | Shoals:4 | Killed a merfolk javelineer
  4680 | Shoals:4 | Noticed a merfolk javelineer
  4694 | Shoals:4 | Slain by a snapping turtle

Illustrated notes

Levels and vault maps discovered:
D:1:      psy_arrival_whirlpool, layout_basic
D:2:      layout_loops_ring, basic_altar, serial_co_window_serial,
          co_window_corner_a, co_window_paths_a, co_window_paths_a,
          co_window_paths_a, co_window_corner_a, co_window_unsneaky_path_b,
          co_window_unsneaky_path_a, co_window_corner_b, co_window_corner_cb,
          co_window_of_opportunity_c, co_window_2corner,
          co_window_of_opportunity_b, co_window_paths_e, co_window_4corner_a,
          glass_columns_c, glass_columns_a
D:3:      layout_rooms, portal_sewer_entry_c
D:4:      layout_loops_ring, kennysheep_mini_moat, ebering_ghost_sewer_f,
          hangedman_abyss_or_decor_lesser_grid, minmay_misc_feat_tower,
          chequers_serial_rivers_micro_c, minmay_misc_feat_five,
          grunt_decor_arrowhead, minmay_bisected
D:6:      layout_basic, kennysheep_ying_yang, serial_shops,
          nicolae_shop_gaudy_bauble, ebering_ghost_sewer_d,
          nicolae_shop_i_like_small_books_too
D:7:      layout_cave_pools, mainiacjoe_overflow_24_doors,
          kennysheep_little_box, mrwooster_statue_mirror, uniq_menkaure
D:8:      layout_basic, grunt_gozag_breadcrumbs, nicolae_overflow_hidden_temple,
          due_lair_maze_entry_diamond, enter_bailey_5,
          kennysheep_generic_room_12
Lair:1:   layout_cave_shapes, minmay_shattered_shrine, grunt_megastairs_1
Lair:2:   layout_small_grid, shoals_dummy_entry, spider_nest_entry_a
Shoals:1: layout_shoals, ebering_ghost_xom, nicolae_shoals_kraken_intersection,
          uniq_kirke
Shoals:2: layout_shoals, uniq_ilsuiw, uniq_polyphemus
Shoals:3: layout_shoals, nicolae_shoals_wave_tunnel
Shoals:4: shoals_end_grunt_garden, layout_shoals, shoals_ilsuiw_alternative,
          serial_shops, bzr_entry_customers, nicolae_shop_vocational,
          uniq_bai_suzhen

Skill      XL: |  1  2  3  4  5  6  7  8  9 10 11 12 13 14 |
---------------+-------------------------------------------+-----
Fire Magic     | 4 5 9 10 11 12 13 14 | 14.5
Spellcasting   | 3 4 8 9 10 12 13 14 15 | 15.6
Conjurations   | 3 4 5 8 9 10 11 | 11.7
Dodging        | 3 7 8 |  8.4
Fighting       | 6 |  6.6
Ice Magic      | 2 4 5 |  5.9
Air Magic      | 2 4 5 6 |  6.0
Maces & Flails | 1 2 |  2.5
Stealth        | |  1.5
Translocations | |  0.7

Action                     |  1- 3 |  4- 6 |  7- 9 | 10-12 | 13-15 || total
---------------------------+-------+-------+-------+-------+-------++-------
  Melee: Unarmed           |     2 |     7 |     3 |       |       ||    12
         Dire flail        |       |       |       |    23 |    10 ||    33
   Cast: Foxfire           |    24 |    62 |    23 |   155 |    11 ||   275
         Scorch            |     2 |    19 |    18 |    99 |    51 ||   189
         Flame Wave        |       |       |     7 |    25 |     8 ||    40
         Freezing Cloud    |       |       |       |    16 |    39 ||    55
         Blink             |       |       |       |       |     2 ||     2
    Use: Potion            |     2 |       |     2 |     4 |     3 ||    11
         Scroll            |       |     4 |     3 |     6 |     3 ||    16
 Armour: Robe              |    13 |     6 |     9 |    18 |       ||    46
         Steam dragon scal |       |       |       |    11 |    15 ||    26
         Skin              |       |       |       |       |     7 ||     7
  Dodge: Dodged            |    18 |     6 |    14 |    78 |    62 ||   178
